Map: Cyber Forest LE

Players

Smeeeger

  • Race: Zerg Zerg
  • League: Platinum
  • Spawn Location: 5:00

GAVAKE - Winner!

  • Race: Protoss Protoss
  • League: Diamond
  • Spawn Location: 11:00

VOD

Have the link to the VOD?

Description

Time

  • Played on: July 14, 2019, 10:50 p.m.
  • Length: 11:01
Show
View Real Time Build Order
Export as new Build Order

Smeeeger Zerg 

Build Orders: Hatch First, Ravager All-In 

Get SALT Encoding   

  12  0:01  Drone  
  13  0:13  Overlord  
  13  0:20  Drone  
  14  0:34  Drone x2  
  17  0:35  Drone  
  17  0:46  Drone  
  18  0:58  Hatchery  
  18  1:00  Extractor  
  18  1:01  Drone  
  17  1:27  Drone, Spawning Pool  
  17  1:28  Drone  
  17  1:30  Drone  
  19  2:14  Overlord  
  19  2:15  Queen  
  21  2:25  Roach Warren  
  21  2:28  Extractor  
  19  2:30  Drone  
  19  2:31  Drone x2, Spine Crawler  
  21  2:51  Queen  
  21  2:52  Overlord  
  21  2:56  Zergling x2  
  24  3:05  Roach  
  26  3:17  Roach  
  28  3:26  Ravager  
  29  3:27  Roach x2  
  29  3:28  Roach  
  29  3:32  Lair  
  35  3:38  Ravager  
  36  3:49  Ravager  
  36  3:53  Overlord x2  
  37  3:59  Ravager  
  37  4:01  Overlord  
  38  4:14  Ravager  
  38  4:15  Roach  
  38  4:23  Roach x2  
  42  4:44  Drone x2  
  42  4:45  Ravager  
  45  5:00  Ravager  
  40  5:28  Roach x3  
  43  5:46  Spore Crawler  
  43  5:49  Spore Crawler x2  
  24  6:28  Hatchery  
  24  6:29  Drone x4  
  25  6:38  Drone x2  
  27  6:47  Spine Crawler  
  27  7:02  Glial Reconstitution, Hatchery  
  27  7:07  Roach x2  
  27  7:08  Roach x4  
  36  7:16  Hydralisk Den  
  35  7:34  Queen  
  34  7:38  Ravager x5  
  34  7:39  Ravager  
  40  7:45  Hydralisk  
  40  7:48  Hydralisk  
  44  7:56  Queen  
  26  8:36  Hydralisk  
  26  8:37  Hydralisk x4  
  30  8:42  Drone x2  
  30  8:43  Drone  
  31  8:54  Roach x4  
  39  9:17  Queen  
  39  9:24  Hydralisk x2  
  43  9:33  Ravager  
  44  9:41  Drone x2  
  44  9:42  Drone  
  47  9:48  Overlord  
  42  10:19  Hydralisk x4  
  46  10:31  Ravager  
  47  10:41  Drone x2  
Show
View Real Time Build Order
Export as new Build Order

GAVAKE Protoss - Winner!

Build Orders: Cannon Rush 

Get SALT Encoding   

  12  0:00  Probe  
  13  0:08  Probe  
  14  0:16  Probe  
  15  0:23  Pylon  
  15  0:41  Probe  
  15  0:42  Forge  
  16  0:53  Probe, Pylon  
  17  1:05  Pylon  
  17  1:16  Pylon  
  17  1:20  Photon Cannon  
  17  1:31  Photon Cannon  
  17  1:39  Probe  
  17  1:40  Photon Cannon  
  18  1:47  Probe  
  19  2:00  Gateway  
  19  2:17  Probe  
  20  2:23  Assimilator  
  20  2:25  Probe  
  20  2:27  Assimilator  
  21  2:30  Pylon  
  21  2:34  Probe  
  22  2:46  Probe  
  23  2:58  Probe  
  23  3:03  Cybernetics Core  
  24  3:07  Photon Cannon  
  24  3:10  Probe  
  24  3:11  Photon Cannon  
  25  3:19  Probe  
  25  3:22  Pylon  
  26  3:27  Probe  
  27  3:37  Probe  
  27  3:39  Stargate  
  28  3:45  Warp Gate  
  28  3:52  Shield Battery  
  28  3:56  Shield Battery  
  28  4:02  Pylon  
  28  4:09  Stalker  
  30  4:20  Photon Cannon  
  30  4:22  Shield Battery  
  30  4:24  Void Ray  
  34  4:49  Photon Cannon  
  34  5:10  Gateway  
  34  5:11  Void Ray  
  38  5:25  Shield Battery  
  38  5:27  Shield Battery  
  38  5:31  Photon Cannon  
  38  5:34  Photon Cannon  
  38  5:54  Void Ray  
  41  6:34  Nexus  
  41  6:42  Pylon  
  41  6:44  Pylon  
  41  7:00  Probe, Void Ray  
  46  7:20  Stalker x2  
  50  7:43  Void Ray  
  46  8:20  Stalker  
  46  8:21  Stalker  
  46  8:25  Void Ray  
  54  8:50  Stalker  
  54  8:51  Stalker  
  58  9:06  Probe  
  58  9:09  Probe  
  59  9:15  Pylon  
  60  9:17  Probe  
  60  9:18  Probe  
  58  9:31  Stalker  
  58  9:32  Stalker  
  62  9:51  Gateway, Twilight Council  
  62  9:55  Gateway  
  62  9:56  Pylon  
  62  10:07  Pylon  
  62  10:24  Robotics Facility  
  62  10:29  Stalker x2  
  62  10:30  Pylon  
  62  10:33  Shield Battery  
  66  10:39  Probe  
Tags
 
Add a new tag
Caveats
  • Supply blocks, unpowered buildings, or Contaminate may cause inaccurate times.
  • Supply counts are checked every 10 seconds.